 Dungeon Crawl Stone Soup version 0.22-a0-185-ge330310 (webtiles) character file.

111 4thArraOfDagon the Sneak (level 4, -3/29 HPs)
             Began as an Octopode Enchanter on Feb 15, 2018.
             Slain by Gorice's ghost (7 damage)
             ... on level 6 of the Dungeon.
             The game lasted 00:06:17 (1181 turns).

4thArraOfDagon the Sneak (Octopode Enchanter)       Turns: 1181, Time: 00:06:18

Health: -3/29      AC:  1    Str:  7    XL:     4   Next: 92%
Magic:  7/7        EV: 14    Int: 18    God:
Gold:   183        SH:  0    Dex: 12    Spells: 1/7 levels left

rFire    . . .     SeeInvis .   l - +0 whip (curse)
rCold    . . .     Gourm    .   (no shield)
rNeg     . . .     Faith    .   (helmet restricted)
rPois    .         Spirit   .   (no amulet)
rElec    .         Reflect  .   (no ring)
rCorr    .         Harm     .   (no ring)
MR       .....                  (no ring)
Stlth    +++.......             (no ring)
HPRegen  0.09/turn              (no ring)
MPRegen  0.10/turn              (no ring)
                                (no ring)
                                (no ring)

@: drained
A: almost no armour, stealthy swim, amphibious, 8 rings, constrict 8, camouflage
1, gelatinous body 1
a: no special abilities


You were on level 6 of the Dungeon.
You were very hungry.

You visited 1 branch of the dungeon, and saw 7 of its levels.

You collected 183 gold pieces.

Inventory:

Hand Weapons
 a - a +1 dagger
 l - a cursed +0 whip (weapon)
Missiles
 j - 7 tomahawks of returning (quivered)
Wands
 e - a wand of flame (14)
 m - a wand of polymorph (20)
Scrolls
 d - a scroll of noise
Potions
 f - 3 potions of curing {unknown}
 g - a potion of magic
 h - a potion of agility {unknown}
 i - a potion of heal wounds {unknown}
 k - 2 potions of degeneration {unknown}
 o - 2 potions of brilliance {unknown}
Books
 b - a book of Maledictions

   Spells                             Type                      Level
   a - Corona                         Hexes                        1
   b - Ensorcelled Hibernation        Hexes/Ice                    2
   c - Confuse                        Hexes                        3
   d - Tukima's Dance                 Hexes                        3
   e - Dazzling Spray                 Conjuration/Hexes            3
Comestibles
 c - 4 rations


   Skills:
 + Level 2.0(1.8) Fighting
 - Level 3.0(2.8) Short Blades
 + Level 3.0(2.7) Dodging
 - Level 4.0(3.7) Stealth
 - Level 2.0(1.7) Spellcasting
 - Level 3.0(2.7) Hexes


You had one spell level left.
You knew the following spells:

 Your Spells              Type           Power        Failure   Level  Hunger
a - Corona                Hex            ##.....      6%          1    #......
b - Ensorcelled Hibernat  Hex/Ice        #.....       16%         2    ###....
c - Confuse               Hex            ##......     19%         3    ###....


Dungeon Overview and Level Annotations

Branches:
Dungeon (7/15)
 Temple: D:4-7

Altars:
Ashenzari
Fedhas
Hepliaklqana
Nemelex Xobeh
Zin

Annotations:
D:3 Terence
D:6 Gorice's ghost, novice GnWn
D:7 George's ghost, novice MiFi


Innate Abilities, Weirdness & Mutations

You cannot wear most types of armour.
You are very stealthy in the water. (Stealth+)
You are amphibious.
You can wear up to eight rings at the same time.
You can use your tentacles to constrict eight enemies at once.
Your skin changes colour to match your surroundings (Stealth+).
Your rubbery body absorbs attacks. (AC +1, EV +1)


Message History

Unknown command.
Found a stone staircase leading up.
Unknown command.
Unknown command.
Unknown command.
Unknown command.
There is a stone staircase leading up here.
You climb upwards.
An ogre comes into view. It is wielding a giant club.
There is a stone staircase leading down here.
Unknown command.
You climb downwards.
Level annotation: Gorice's ghost, novice GnWn Gorice's ghost whispers, "The ORB doesn't exist."
Gorice's ghost hits you.
* * * LOW HITPOINT WARNING * * *
You feel drained.
* * * LOW HITPOINT WARNING * * *
Gorice's ghost hits you!
You die...

. ##. #.. #.#.#
###.#.# ##...#.#
#...W..# #...@..##
#.##.......# #
#.##...#.#.## #
#.##.#......## #
#.##.#.#.#.... .
##.....%....####
#######
#........####
......###........#
.................#


You could see Gorice's ghost.

Vanquished Creatures
  A howler monkey (D:6)
  A hound zombie (D:4)
  3 adders
  A shadow imp (D:6)
  A worm (D:6)
  A hobgoblin (D:2)
  2 jackals (D:5)
  4 kobolds
  3 quokkas
  6 bats
  2 rats
25 creatures vanquished.

Notes
Turn   | Place    | Note
-------+----------+-------------------------------------------
     0 | D:1      | 4thArraOfDagon the Octopode Enchanter began the quest for the Orb.
     0 | D:1      | Reached XP level 1. HP: 11/11 MP: 3/3
   104 | D:3      | Noticed Terence
   340 | D:2      | Reached XP level 2. HP: 15/17 MP: 5/5
   407 | D:2      | Learned a level 2 spell: Ensorcelled Hibernation
   453 | D:2      | Reached XP level 3. HP: 12/21 MP: 2/6
   468 | D:3      | Found a sparkling altar of Nemelex Xobeh.
   503 | D:3      | Found a hazy altar of Hepliaklqana.
   561 | D:5      | Entered Level 5 of the Dungeon
   561 | D:5      | Noticed an ogre
   571 | D:5      | Learned a level 3 spell: Confuse
   578 | D:5      | Noticed a scorpion
   613 | D:5      | Found a shattered altar of Ashenzari.
   621 | D:5      | Noticed a phantom
   736 | D:4      | Reached skill level 1 in Fighting
   736 | D:4      | Reached XP level 4. HP: 25/28 MP: 7/7
   843 | D:6      | Found a blossoming altar of Fedhas.
   932 | D:7      | Noticed an ice beast
   939 | D:7      | Noticed George's ghost (novice MiFi)
  1013 | D:6      | Noticed Gorice's ghost (novice GnWn)
  1109 | D:6      | Found a glowing silver altar of Zin.
  1179 | D:5      | Noticed an ogre
  1181 | D:6      | Slain by Gorice's ghost

Vault maps used:
D:1:      zaba_arrival_water, minmay_pentomino_s2
D:3:      nicolae_overflow_crystal_walls, nemelex_xobeh_ov_fountains_minmay,
          gup_sewer_entry_bowl, uniq_terence
D:4:      xom_butterflies
D:5:      first_ration, lemuel_statue_altar
D:6:      old_standard_altar, lemuel_round_altar,
          minmay_temple_entry_purple_smoke, serial_glass, glass_columns_a,
          glass_columns_b, due_unseen_surprise

Skill      XL: |  1  2  3  4 |
---------------+-------------+-----
Short Blades   | 2 3 |  3.0
Fighting       | 1 2 |  2.0
Dodging        | 3 |  3.0
Stealth        | |  4.0
Spellcasting   | |  2.0
Hexes          | |  3.0

Action                   |  1- 3 |  4- 6 || total
-------------------------+-------+-------++-------
Melee: Dagger            |    45 |       ||    45
       Constrict         |    13 |     5 ||    18
       Tentacles         |     7 |     3 ||    10
       Whip              |    11 |    26 ||    37
 Cast: Corona            |     2 |       ||     2
       Ensorcelled Hiber |     4 |       ||     4
  Use: Scroll            |     4 |     3 ||     7
 Stab: Sleeping          |     5 |     1 ||     6
Armor: Skin              |    10 |       ||    10
Dodge: Dodged            |    64 |    15 ||    79

Table legend:
 A = Spawn XP
 B = Non-spawn XP
 C = Spawn XP percentage of total XP
 D = Spawn monster count
 E = Non-spawn monster count
 F = Spawn count percentage of total count
 G = Total turns spent on level
                    A         B        C        D         E        F      G
               +---------+---------+-------+---------+---------+-------+---------
         Total |       0 |     159 |   0.0 |       0 |      25 |   0.0 |  1181
               +---------+---------+-------+---------+---------+-------+---------
           D:1 |       0 |       1 |   0.0 |       0 |       1 |   0.0 |   108
           D:2 |       0 |      43 |   0.0 |       0 |      12 |   0.0 |   355
           D:3 |       0 |      15 |   0.0 |       0 |       3 |   0.0 |    78
           D:4 |       0 |      20 |   0.0 |       0 |       1 |   0.0 |   163
           D:5 |       0 |       6 |   0.0 |       0 |       3 |   0.0 |    79
           D:6 |       0 |      74 |   0.0 |       0 |       5 |   0.0 |   246
               +---------+---------+-------+---------+---------+-------+---------
